 Dungeon Crawl Stone Soup version 0.18-a0-943-g2c08dd4 (webtiles) character file.

578405 4thArraOfDagon the Executioner (level 25, -2/259 HPs)
             Began as a Hill Orc Berserker on Dec 28, 2015.
             Was the Champion of the Shining One.
             Slain by a shard shrike (5 damage)
             ... on level 7 of the North Pole.
             The game lasted 03:00:49 (20852 turns).

4thArraOfDagon the Executioner (HOBe)              Turns: 20852, Time: 03:00:49

Health: -2/259     AC: 32    Str: 30    XL:     25   Next: 89%
Magic:  31/36      EV: 17    Int: 24    God:    the Shining One [******]
Gold:   2302       SH: 10    Dex: 14    Spells: 3 memorised, 30 levels left

rFire  + . .     SeeInvis .     L - +8 executioner's axe (holy)
rCold  + + .     Gourm    .     F - +8 ring mail of Impermeability {rElec rCorr Int+6}
rNeg   + + +     Faith    .     (shield currently unavailable)
rPois  +         Spirit   .     O - +2 helmet of the Camelopard {+Fly rF+ Dex+5}
rElec  +         Dismiss  .     S - +2 cloak "Xyorua Ifoypt" {MR++ Int+4}
rCorr  +         Reflect  .     X - +1 pair of gloves {Str+3}
SustAt .         Harm     .     n - +0 pair of boots
MR     ++++.                    h - amulet of regeneration
Stlth  +.........               J - ring of Oskite {rPois rC++ MR+ Str+3 Dex-2}
                                (no ring)

@: divine shield, about to teleport, glowing, incredibly resistant to hostile
enchantments, very unstealthy
A: slimy green scales 1, robust 1
a: Divine Shield, Cleansing Flame, Summon Divine Warrior, Renounce Religion,
Evoke Flight
}: 5/15 runes: barnacled, slimy, silver, golden, gossamer


You were on level 7 of the North Pole.
You worshipped the Shining One.
The Shining One was exalted by your worship.
You were very hungry.

You visited 14 branches of the dungeon, and saw 61 of its levels.
You visited 1 bazaar.

You collected 3265 gold pieces.
You spent 963 gold pieces at shops.

Inventory:

Hand Weapons
 s - the +7 battleaxe of Destruction {speed, MR+ Str+4}
   (Trog gifted it to you on level 7 of the Lair of Beasts)

   Attacks with this weapon are significantly faster.
   It affects your strength (+4).
   It affects your resistance to hostile enchantments.
 L - a +8 executioner's axe of holy wrath (weapon)
Missiles
 T - 4 throwing nets (quivered)
Armour
 n - a +0 pair of boots (worn)
 F - the +8 ring mail of Impermeability (worn) {rElec rCorr Int+6}
   (You found it on level 6 of the Pits of Slime)

   It affects your intelligence (+6).
   It insulates you from electricity.
   It protects you from acid and corrosion.
 O - the +2 helmet of the Camelopard (worn) {+Fly rF+ Dex+5}
   (You found it on level 3 of the Elven Halls)

   It affects your dexterity (+5).
   It protects you from fire.
   It lets you fly.
 S - the +2 cloak "Xyorua Ifoypt" (worn) {MR++ Int+4}
   (You found it on level 6 of the Pits of Slime)

   It affects your intelligence (+4).
   It affects your resistance to hostile enchantments.
 X - a +1 pair of gloves of strength (worn)
Magical Staves
 o - an uncursed staff of energy {!a}
Rods
 U - a +6 lightning rod (14/14)
   (You took it off a deep elf sorcerer on level 3 of the Elven Halls)
Jewellery
 d - the ring "Leemusoty" {rPois rF+ AC+4 Str+3}
   (You found it on level 1 of the Tomb of the Ancients)

   [ring of protection]

   It affects your AC (+4).
   It affects your strength (+3).
   It protects you from fire.
   It protects you from poison.
 g - an uncursed ring of teleportation
 h - an amulet of regeneration (around neck)
 i - the ring "Doniq" {Wiz rF+ MR+}
   (You took it off a merfolk on level 3 of the Shoals)

   [ring of wizardry]

   It improves your spell success rate.
   It protects you from fire.
   It affects your resistance to hostile enchantments.
 j - a ring of the Octopus King {SustAt AC+1 EV+1 Str+1 Int+1 Dex+1}
   (You found it on level 3 of the Tomb of the Ancients)

   [ring of sustain attributes]

   It sustains your strength, intelligence and dexterity.
   It affects your AC (+1).
   It affects your evasion (+1).
   It affects your strength (+1).
   It affects your intelligence (+1).
   It affects your dexterity (+1).
 J - the ring of Oskite (right hand) {rPois rC++ MR+ Str+3 Dex-2}
   (You bought it in a shop on level 2 of the Orcish Mines)

   [ring of strength]

   It affects your strength (+3).
   It affects your dexterity (-2).
   It greatly protects you from cold.
   It protects you from poison.
   It affects your resistance to hostile enchantments.
 W - a +4 amulet of reflection
Wands
 k - a wand of fire (7/15)
 t - a wand of cold (6/15)
 R - a wand of digging (3/24)
Scrolls
 a - a scroll of silence
 e - a scroll of teleportation
 v - 7 scrolls of remove curse
 z - 4 scrolls of magic mapping
 E - 7 scrolls of recharging
 G - 4 scrolls of blinking
 I - a scroll of summoning
 N - 4 scrolls of identify
 Y - 2 scrolls of fog
Potions
 b - 2 potions of agility
 f - 5 potions of curing
 q - a potion of berserk rage
 u - 5 potions of ambrosia
 w - a potion of might
 y - 3 potions of brilliance
 C - 3 potions of cure mutation
 H - a potion of lignification
 M - a potion of resistance
 P - 2 potions of haste
 V - 5 potions of magic
Miscellaneous
 l - a figurine of a ziggurat
 p - a lamp of fire
 r - 3 phantom mirrors
 A - a phial of floods
 B - a piece from Xom's chessboard
 D - an ornate deck of summoning {drawn: 2}
 Q - a fan of gales
 Z - a box of beasts {used: 6}
Comestibles
 c - 8 bread rations
 m - 21 meat rations


   Skills:
 - Level 21.4 Fighting
 - Level 26.0 Axes
 + Level 20.4 Armour
 - Level 10.0 Dodging
 + Level 9.1 Spellcasting
 * Level 13.3 Translocations
 - Level 13.1 Invocations
 - Level 12.0 Evocations


You had 30 spell levels left.
You knew the following spells:

 Your Spells              Type           Power        Failure   Level  Hunger
a - Apportation           Tloc           ######....   1%          1    None
b - Controlled Blink      Tloc           N/A          99%         8    #######
c - Passwall              Trmt/Erth      ##........   24%         3    None


Dungeon Overview and Level Annotations

Branches:
Dungeon (15/15)            Temple (1/1) D:4            Lair (8/8) D:10
 Shoals (4/4) Lair:3       Spider (4/4) Lair:4        Slime (6/6) Lair:7
    Orc (2/2) D:9             Elf (3/3) Orc:2        Vaults (5/5) D:13
  Crypt (3/3) Vaults:3       Tomb (3/3) Crypt:3      Depths (1/5) D:15
   Hell (1/1)                 Nor (6/7) Hell
    Dis: Hell:1         Geh: Hell:1         Tar: Hell:1

Altars:
Ashenzari
Cheibriados
Dithmenos
Fedhas
Kikubaaqudgha
Makhleb
Nemelex Xobeh
Qazlal
Ru
Trog
Vehumet
Xom
Yredelemnul
The Shining One
Beogh
Jiyva

Shops:
D:10 %   Orc:2 =*[(

Portals:
Hell: Depths:1

Annotations:
D:9 exclusion: orange crystal statue
D:11 JokEr's ghost, journeyman FoFi
Elf:3 exclusion: upstairs
Hell exclusion: 2 ice statues


Innate Abilities, Weirdness & Mutations

You are partially covered in slimy green scales (AC +2).
You are robust (+10% HP).


Message History

You slash the shard shrike!
The shard shrike is heavily wounded.
You barely miss the freezing wraith.
The freezing wraith is lightly damaged.
You cut the shard shrike into ribbons!!!
The shard shrike is heavily wounded.
The shard shrike claws you.
* * * LOW HITPOINT WARNING * * *
The shard shrike freezes you! You resist.
* * * LOW HITPOINT WARNING * * *
You block the shard shrike's attack. The shard shrike claws you!
* * * LOW HITPOINT WARNING * * *
The shard shrike freezes you! You resist.
* * * LOW HITPOINT WARNING * * *
The shard shrike claws you!
* * * LOW HITPOINT WARNING * * *
The shard shrike freezes you! You resist.
* * * LOW HITPOINT WARNING * * *
The shard shrike claws you.
You die...

≈≈≈≈≈≈≈≈≈≈≈≈≈≈4≈.#
≈≈≈≈≈≈≈≈≈≈≈≈≈.≈≈.#
≈≈≈≈≈≈##E##≈.≈≈≈.#..
≈≈≈≈≈#..#.Z#≈≈≈2.#..
≈≈≈≈≈#...)..#≈≈≈≈.#.
≈≈≈≈≈≈≈#.≈.)≈#≈≈≈≈≈.#
.≈≈≈≈≈#...≈≈#≈≈≈≈≈≈≈
#.≈≈≈≈#...A≈W#≈≈≈≈≈≈
.#4≈≈≈≈#).#b@b≈#≈≈≈
#.≈≈≈.≈##≈#≈b≈##≈≈
#.≈≈.≈≈≈≈≈≈≈≈.≈##≈
#.≈.≈≈≈≈≈≈≈##≈.≈##
.≈.≈≈≈≈≈≈≈≈≈##≈.≈##
≈≈≈....≈≈≈≈≈≈##≈.≈###
≈ ####.≈≈≈≈≈≈##≈.≈≈#
..#.≈≈≈≈Z≈##≈..##
...# #≈...#######


You could see 3 shard shrikes, an elemental wellspring, a blizzard demon, a
freezing wraith, a four-headed hydra zombie and a friendly daeva.

Vanquished Creatures
  the Royal Jelly (Slime:6)
  the Serpent of Hell (Nor:7)
  An ancient lich (Tomb:3)
  Khufu (Tomb:3)
  Mara (Crypt:1)
  6 greater mummies
  Saint Roka (Orc:2)
  3 shard shrikes (Nor:7)
  Geryon (Hell)
  A golden dragon (Vaults:5)
  Nikola (Spider:4)
  A profane servitor (Crypt:3)
  A bone dragon (Crypt:3)
  The ghost of Dirtsage the Black Belt, an adept DsGl of Makhleb (Vaults:4)
  A tentacled monstrosity (Vaults:4)
  A quicksilver dragon (Vaults:5)
  4 Ice Fiends (Nor:7)
  10 acid blobs
  A deep elf blademaster (Elf:3)
  3 titans
  2 liches
  2 deep elf master archers (Elf:3)
  6 ancient champions
  5 sphinxes (Tomb:1)
  Agnes (D:15)
  A revenant (Tomb:2)
  3 shadow dragons
  3 tengu reavers
  2 storm dragons (Vaults:5)
  2 azure jellies
  Ilsuiw (Shoals:4)
  10 deep elf sorcerers
  6 frost giants
  An iron dragon (Vaults:5)
  Maud (D:12)
  A caustic shrike zombie (Crypt:2)
  2 curse skulls
  4 reapers
  A balrug (Hell)
  2 emperor scorpions (Spider:4)
  5 deep elf elementalists (Elf:3)
  8 vault wardens
  4 ghost moths
  7 ironheart preservers
  A very ugly thing (Vaults:5)
  4 ghouls
  2 war gargoyles
  A juggernaut skeleton (Crypt:2)
  2 salamander stormcallers
  10 stone giants
  A vampire knight (Crypt:2)
  8 deep elf annihilators
  5 deep elf demonologists
  2 bennus
  A lorocyproca (Hell)
  7 deep elf death magi
  2 merfolk javelineers (Shoals:3)
  2 spark wasps (Spider:4)
  29 vault guards
  5 ettins
  6 merfolk impalers
  A death ooze (Slime:6)
  4 blizzard demons
  2 ogre magi (Vaults:1)
  12 mummy priests
  3 entropy weavers
  A kraken zombie (Nor:6)
  3 fire dragons
  9 jiangshi (Crypt:3)
  7 deep elf high priests
  7 great orbs of eyes
  8 yaktaur captains
  A rakshasa (Vaults:1)
  7 hydras
  6 ice dragons
  2 quicksilver dragon skeletons
  Erolcha (D:9)
  Erica (Lair:1)
  2 death knights (Crypt:3)
  4 merfolk aquamancers
  A merfolk avatar (Shoals:4)
  7 dancing weapons
  2 tengu warriors (D:15)
  3 centaur warriors
  A vampire mage (Crypt:1)
  An orc high priest (Orc:2)
  11 death yaks
  A sun demon (Hell)
  Nergalle (Orc:2)
  A titan skeleton (Nor:7)
  3 soul eaters (Hell)
  Sonja (D:15)
  3 deep elf knights
  2 storm dragon skeletons
  2 iron trolls
  The ghost of George the Slasher, a novice HuFi of Zin (D:7)
  2 flayed ghosts (Crypt:3)
  38 skeletal warriors
  A shadow wraith (Crypt:3)
  2 deep trolls (Vaults:5)
  54 death scarabs
  3 anaconda zombies
  6 ironbrand convokers
  A giant orange brain (Slime:4)
  2 deep elf archers (Elf:1)
  Pikel (D:5)
  2 kraken simulacra
  7 sea snakes
  2 necromancers
  5 phantasmal warriors
  A golden dragon skeleton (Nor:7)
  9 hill giants
  20 harpies
  20 anubis guards
  An anaconda skeleton (Nor:3)
  4 lindwurms (Lair:4)
  A hornet (shapeshifter) (Vaults:4)
  6 orc knights
  21 deep elf magi
  2 salamanders (Depths:1)
  A shining eye (shapeshifter) (Vaults:4)
  An orb spider (Spider:4)
  28 wolf spiders
  2 moths of wrath
  A shining eye (Slime:4)
  10 griffons
  2 frost giant zombies (Nor:7)
  24 ugly things
  13 hornets
  2 orc sorcerers
  7 sirens
  5 cyclopes
  7 manticores (Shoals:4)
  5 fauns (Shoals:3)
  4 vault sentinels
  7 black mambas
  A guardian serpent (Lair:8)
  An octopode (shapeshifter) (Vaults:4)
  13 spiny frogs
  15 elephants
  A fire giant skeleton (Tomb:1)
  4 titan simulacra (Nor:7)
  2 torpor snails
  2 water nymphs (Shoals:2)
  An eye of devastation (shapeshifter) (Vaults:5)
  3 eyes of devastation
  3 komodo dragons
  A gargoyle (D:15)
  An emperor scorpion zombie (Nor:7)
  A red draconian zombie (Crypt:2)
  A golden dragon simulacrum (Crypt:3)
  A fire drake (Lair:4)
  5 anaconda simulacra
  A shock serpent skeleton (Tomb:1)
  21 yaktaurs
  9 demonic crawlers
  16 ice devils
  34 guardian mummies
  A red devil (Hell)
  3 hydra zombies
  A tengu conjurer (D:15)
  6 polar bears
  2 tormentors
  A wind drake (Shoals:4)
  23 jumping spiders
  19 merfolk
  5 trolls
  8 freezing wraiths
  Prince Ribbit (D:6)
  2 boulder beetles
  2 alligator zombies
  8 two-headed ogres
  A stone giant simulacrum (Nor:7)
  23 blink frogs
  3 ushabtiu (Tomb:1)
  3 bog bodies
  3 ice dragon zombies
  59 slime creatures
  2 air elementals
  38 flying skulls
  19 trapdoor spiders
  6 snapping turtles
  50 redbacks
  3 fire dragon skeletons
  A small abomination (Crypt:3)
  7 water elementals
  2 wyverns
  A black mamba zombie (Nor:6)
  A spriggan (Lair:7)
  2 ice dragon skeletons
  39 yaks
  24 tarantellas
  Sigmund (D:2)
  A trapdoor spider (shapeshifter) (D:13)
  4 shadows
  11 wraiths
  Grum (D:9)
  A mottled dragon (D:13)
  4 hungry ghosts
  A basilisk (Lair:3)
  7 hippogriffs
  A steam dragon (D:7)
  A vampire mosquito (Vaults:1)
  5 wargs
  16 wolves
  A hydra simulacrum (Nor:7)
  Duvessa (D:6)
  21 water moccasins
  5 spiny frog zombies
  3 black bears
  8 wasps
  3 ice beasts
  37 orc warriors
  3 eyes of draining
  12 porcupines
  3 sky beasts
  A spiny frog skeleton (Nor:2)
  7 necrophages
  A phantom (D:13)
  10 centaurs
  A snapping turtle zombie (Nor:1)
  5 boggarts
  A manticore zombie (Nor:3)
  A snapping turtle skeleton (Tomb:3)
  An alligator simulacrum (Nor:6)
  13 ogres
  21 crocodiles
  A big kobold (D:10)
  11 giant frogs
  An earth elemental (Elf:2)
  Dowan (D:6)
  A raiju zombie (Crypt:2)
  A scorpion (D:11)
  11 wights
  A snapping turtle simulacrum (Crypt:3)
  An electric eel (Lair:8)
  4 killer bees (D:10)
  10 crimson imps
  A giant frog zombie (D:12)
  A giant frog skeleton (D:8)
  13 jellies
  2 centaur skeletons
  17 orc wizards
  10 worker ants
  5 hounds
  8 iguanas
  19 orc priests
  A human skeleton (Nor:2)
  5 hell rats (Hell)
  18 sheep
  A hound skeleton (Crypt:2)
  37 mummies
  6 gnolls
  18 river rats
  A shadow imp (D:11)
  11 adders
  2 white imps
  2 oozes
  2 adder skeletons
  A lava snake skeleton (Crypt:1)
  A giant gecko (D:1)
  70 orcs
  3 bats
  4 hobgoblins
  3 jackals (D:10)
  6 quokkas
  A giant cockroach (D:2)
  2 giant newts
  7 goblins
  7 kobolds
  5 rats
  A butterfly (Lair:7)
  6 fungi
  A lost soul (Crypt:3)
  20 plants
  4 tentacles
1745 creatures vanquished.

Vanquished Creatures (collateral kills)
  Boris (Vaults:5)
  A greater mummy (Tomb:1)
  An acid blob (Slime:6)
  A sphinx (Tomb:1)
  A shadow dragon (Vaults:5)
  A vault warden (Vaults:5)
  An ironheart preserver (Vaults:5)
  A merfolk javelineer (Shoals:4)
  A mummy priest (Tomb:1)
  A quicksilver dragon zombie (Nor:7)
  An ettin (Vaults:5)
  A death ooze (Slime:6)
  A merfolk impaler (Shoals:4)
  A great orb of eyes (Slime:6)
  An entropy weaver (Vaults:5)
  A yaktaur captain (Vaults:5)
  An anaconda zombie (Nor:7)
  A giant orange brain (Slime:6)
  3 skeletal warriors
  2 anubis guards (Tomb:3)
  A flayed ghost (Vaults:5)
  An ironbrand convoker (Vaults:5)
  A harpy (Vaults:5)
  5 shining eyes
  A titan simulacrum (Nor:7)
  An anaconda simulacrum (Nor:7)
  2 slime creatures
  An ettin zombie (Nor:7)
  2 freezing wraiths (Nor:7)
  A trapdoor spider (Spider:4)
  An alligator zombie (Nor:7)
  A water elemental (Shoals:4)
  A redback (Spider:4)
  A golden eye (Slime:6)
  A hippogriff (Lair:8)
  A water moccasin (Lair:8)
  An eye of draining (Slime:6)
  A jelly (Slime:4)
  A mummy (Tomb:1)
  An adder (Lair:8)
49 creatures vanquished.

Vanquished Creatures (others)
  3 elemental wellsprings
  An ice dragon (Nor:7)
  7 death scarabs (Tomb:2)
  2 orb spiders (Spider:4)
  An anubis guard (Tomb:2)
  A deep elf mage (Elf:1)
  A hornet (Spider:4)
  2 two-headed ogres
  5 flying skulls (Tomb:2)
  An alligator skeleton (Tomb:3)
  A hydra simulacrum (Tomb:3)
  5 ogres
  3 mummies
  A giant gecko (D:5)
  A bush (D:10)
  13 fungi
  3 lost souls
  18 plants
  8 tentacles
  49 tentacle segments
126 creatures vanquished.

Grand Total: 1920 creatures vanquished

Notes
Turn   | Place    | Note
--------------------------------------------------------------
     0 | D:1      | 4thArraOfDagon the Hill Orc Berserker began the quest for the Orb.
     0 | D:1      | Reached XP level 1. HP: 19/19 MP: 1/1
   118 | D:2      | Noticed Sigmund
   124 | D:2      | Killed Sigmund
   124 | D:2      | Reached skill level 6 in Axes
   124 | D:2      | Reached XP level 2. HP: 6/28 MP: 2/2
   124 | D:2      | Reached XP level 3. HP: 7/34 MP: 3/3
   124 | D:2      | Reached XP level 4. HP: 8/41 MP: 4/4
   124 | D:2      | Reached XP level 5. HP: 9/47 MP: 5/5
   245 | D:1      | Reached ** piety under Trog
   440 | D:3      | Found a bloodstained altar of Trog.
   441 | D:3      | Found a radiant altar of Vehumet.
   561 | D:3      | Reached skill level 5 in Fighting
   620 | D:3      | Reached XP level 6. HP: 45/56 MP: 1/6
   652 | D:5      | Entered Level 5 of the Dungeon
   775 | D:6      | Reached skill level 7 in Axes
   917 | D:7      | Noticed George's ghost (novice HuFi)
   937 | D:7      | Reached XP level 7. HP: 52/62 MP: 4/7
   939 | D:7      | Killed George's ghost
   939 | D:7      | Reached skill level 9 in Axes
   939 | D:7      | Reached skill level 5 in Armour
   939 | D:7      | Reached XP level 8. HP: 45/71 MP: 3/8
  1135 | D:6      | Noticed Prince Ribbit
  1209 | D:8      | Reached skill level 10 in Axes
  1376 | D:8      | Found an ancient bone altar of Kikubaaqudgha.
  1387 | D:8      | Got a steaming marble ring
  1449 | D:9      | Noticed an orange crystal statue
  1490 | D:9      | Found a sparkling altar of Nemelex Xobeh.
  1528 | D:9      | Noticed Grum
  1540 | D:9      | Reached XP level 9. HP: 80/80 MP: 6/9
  1543 | D:9      | Reached skill level 11 in Axes
  1548 | D:9      | Killed Grum
  1643 | D:9      | Identified the ring "Zech" {Str+5 Int+2 Stlth+} (You took it off a gnoll on level 8 of the Dungeon)
  1651 | D:9      | Found a staircase to the Orcish Mines.
  1652 | D:9      | Noticed Erolcha
  1664 | D:9      | Killed Erolcha
  1664 | D:9      | Reached skill level 12 in Axes
  1782 | Orc:1    | Entered Level 1 of the Orcish Mines
  1786 | Orc:1    | Noticed an orc knight
  1796 | Orc:1    | Reached XP level 10. HP: 80/91 MP: 7/10
  1914 | D:10     | Entered Level 10 of the Dungeon
  1944 | D:10     | Reached skill level 13 in Axes
  2047 | D:11     | Noticed a green ugly thing
  2049 | D:11     | Noticed JokEr's ghost (journeyman FoFi)
  2102 | D:10     | Noticed a hill giant
  2114 | D:10     | Killed a hill giant
  2181 | D:10     | Reached skill level 10 in Fighting
  2181 | D:10     | Reached skill level 14 in Axes
  2247 | D:10     | Noticed a hill giant
  2252 | D:10     | Reached *** piety under Trog
  2257 | D:10     | Killed a hill giant
  2300 | D:10     | Found a staircase to the Lair.
  2383 | D:10     | Found Xetseyc's Food Emporium.
  2412 | D:10     | Reached XP level 11. HP: 87/101 MP: 11/11
  2486 | D:11     | Reached skill level 15 in Axes
  2746 | D:12     | Noticed Maud
  2764 | D:12     | Killed Maud
  2815 | D:11     | Reached skill level 10 in Armour
  2820 | D:11     | Gained mutation: You are partially covered in slimy green scales (AC +2). [mutagenic meat]
  2927 | D:13     | Noticed a hill giant
  2927 | D:13     | Noticed a fire crab
  2939 | D:13     | Noticed a swamp dragon
  2939 | D:13     | a fire crab changed into a swamp dragon
  2954 | D:12     | Noticed a hill giant
  2961 | D:12     | Killed a hill giant
  2961 | D:12     | Reached skill level 16 in Axes
  3173 | Orc:1    | Killed an orc knight
  3244 | Orc:1    | Reached **** piety under Trog
  3337 | Orc:2    | Entered Level 2 of the Orcish Mines
  3337 | Orc:2    | Found a staircase to the Elven Halls.
  3496 | Orc:1    | Reached XP level 12. HP: 111/111 MP: 12/12
  3503 | Orc:1    | Noticed an orc warlord
  3660 | Orc:2    | Reached skill level 17 in Axes
  3661 | Orc:2    | Mulzaro: What was that purple item you had?
  3662 | Orc:2    | 4thArraOfDagon: piece of xom?
  3662 | Orc:2    | Mulzaro: Yeah
  3662 | Orc:2    | Mulzaro: wtf
  3662 | Orc:2    | 4thArraOfDagon: it swaps monsters randomly
  3662 | Orc:2    | 4thArraOfDagon: including you
  3671 | Orc:2    | Mulzaro: new misc item?
  3674 | Orc:2    | 4thArraOfDagon: ye
  3674 | Orc:2    | Mulzaro: ah ok
  3674 | Orc:2    | 4thArraOfDagon: it was here for few weeks already in fact
  3678 | Orc:2    | 4thArraOfDagon: but in trunk
  3709 | Orc:2    | Mulzaro: I count that as new
  3710 | Orc:2    | Mulzaro: :D
  3727 | Orc:2    | Noticed Nergalle
  3760 | Orc:2    | Killed Nergalle
  3795 | Orc:2    | Reached ***** piety under Trog
  3799 | Orc:2    | Noticed Saint Roka
  3820 | Orc:2    | Killed Saint Roka
  3921 | Orc:2    | Reached skill level 18 in Axes
  3929 | Orc:2    | 4thArraOfDagon: brb
  3929 | Orc:2    | Turgon: ok
  3929 | Orc:2    | 4thArraOfDagon: back
  3971 | Orc:2    | Noticed an orc high priest
  3999 | Orc:2    | Killed an orc high priest
  4076 | Orc:2    | Found a roughly hewn altar of Beogh.
  4081 | Orc:2    | Found Utaegab's General Store.
  4114 | Orc:2    | Found Vanud's Antique Weapon Boutique.
  4131 | Orc:2    | Found Plog's Antique Armour Boutique.
  4146 | Orc:2    | Found Qotzamiemao's Jewellery Boutique.
  4154 | Orc:2    | Bought the ring of Oskite {rPois rC++ MR+ Str+3 Dex-2} for 641 gold pieces
  4154 | Orc:2    | Mulzaro: noice ring
  4172 | Orc:2    | Bought a runed cloak for 85 gold pieces
  4320 | Orc:2    | Bought 2 potions of mutation for 75 gold pieces
  4320 | Orc:2    | Bought a scroll of identify for 30 gold pieces
  4320 | Orc:2    | Gained mutation: You are frail (-10% HP). [potion of mutation]
  4320 | Orc:2    | Gained mutation: Scrolls take you a little longer to read. [potion of mutation]
  4320 | Orc:2    | Gained mutation: Your natural rate of healing is unusually fast. [potion of mutation]
  4321 | Orc:2    | Lost mutation: Your natural rate of healing is unusually fast. [potion of mutation]
  4321 | Orc:2    | Gained mutation: You are surrounded by a mild repulsion field (EV +2). [potion of mutation]
  4324 | Orc:2    | Mulzaro: do you like the 2-floor Orc?
  4366 | Elf:1    | Entered Level 1 of the Elven Halls
  4366 | Elf:1    | Noticed a mace of protection
  4369 | Elf:1    | Killed a mace of protection
  4397 | Elf:1    | 4thArraOfDagon: yea
  4431 | Elf:1    | Noticed a hand axe of flaming
  4438 | Elf:1    | Killed a hand axe of flaming
  4438 | Elf:1    | Reached XP level 13. HP: 109/109 MP: 13/13
  4449 | Elf:1    | 4thArraOfDagon: well i dont mind
  4449 | Elf:1    | 4thArraOfDagon: i find it ok
  4452 | Elf:1    | Mulzaro: I would have cut Lair instead
  4458 | Elf:1    | Mulzaro: Its way too long
  4532 | Elf:1    | Reached skill level 19 in Axes
  4690 | Elf:1    | Noticed a deep elf annihilator
  4697 | Elf:1    | Killed a deep elf annihilator
  4801 | Elf:1    | Found a flickering gateway to a bazaar.
  4817 | Bazaar   | Entered a bazaar
  4817 | Bazaar   | Found Dumpa's Antique Weapon Boutique.
  4817 | Bazaar   | Found Geanoiq's Book Shop.
  4817 | Bazaar   | Found Ejaisu Wesi's Magic Scroll Shop.
  4817 | Bazaar   | Found Beus's General Store.
  4833 | Bazaar   | Bought a scroll of magic mapping for 42 gold pieces
  4833 | Bazaar   | Bought a scroll of magic mapping for 42 gold pieces
  4833 | Bazaar   | Bought a scroll of identify for 24 gold pieces
  4833 | Bazaar   | Bought a scroll of identify for 24 gold pieces
  4843 | Elf:1    | 4thArraOfDagon: if the lair would contain same ammount of exp
  4843 | Elf:1    | 4thArraOfDagon: i would go for it too
  4902 | Elf:2    | Mulzaro: Yes the exp thing is the reason why cutting Lair is problematic.
  5030 | Elf:2    | Mulzaro: and it's one of the hardest parts of the game because most characters suck at the start of Lair
  5060 | Elf:2    | Mulzaro: Not as hard as the early D though
  5111 | Elf:3    | Entered Level 3 of the Elven Halls
  5163 | Elf:3    | Mulzaro: Why did they make the elementals look like snakes T_T
  5163 | Elf:3    | 4thArraOfDagon: on the other hand i totally dislike changes made in elven halls
  5163 | Elf:3    | 4thArraOfDagon: its not doable for elemental-based characters
  5163 | Elf:3    | 4thArraOfDagon: for absolutely no reason
  5163 | Elf:3    | 4thArraOfDagon: QQ
  5183 | Elf:3    | Noticed a deep elf annihilator
  5204 | Elf:3    | Killed a deep elf annihilator
  5249 | Elf:3    | Mulzaro: Yeah there's some serious experimental shit going on right now I have heard
  5250 | Elf:3    | Noticed a deep elf death mage
  5262 | Elf:3    | Killed a deep elf death mage
  5273 | Elf:3    | Killed a ghostly deep elf death mage
  5286 | Elf:3    | Noticed a deep elf blademaster
  5301 | Elf:3    | Killed a deep elf blademaster
  5301 | Elf:3    | Reached skill level 20 in Axes
  5307 | Elf:3    | Noticed a deep elf elementalist
  5312 | Elf:3    | Killed a deep elf elementalist
  5318 | Elf:3    | Noticed a deep elf elementalist
  5327 | Elf:3    | Killed a deep elf elementalist
  5327 | Elf:3    | Reached XP level 14. HP: 44/118 MP: 14/14
  5330 | Elf:3    | Mulzaro: is it because of the elementalists?
  5340 | Elf:3    | Noticed a deep elf sorcerer
  5348 | Elf:3    | Killed a deep elf sorcerer
  5424 | Elf:3    | Noticed a deep elf master archer
  5437 | Elf:3    | 4thArraOfDagon: elementals
  5437 | Elf:3    | 4thArraOfDagon: and
  5437 | Elf:3    | 4thArraOfDagon: weapons
  5437 | Elf:3    | 4thArraOfDagon: they are immune to elemental spells
  5437 | Elf:3    | 4thArraOfDagon: so good luck with fire elementalist
  5466 | Elf:3    | Killed a deep elf master archer
  5467 | Elf:3    | Noticed a deep elf master archer
  5487 | Elf:3    | Mulzaro: well fuck that
  5487 | Elf:3    | Killed a deep elf master archer
  5487 | Elf:3    | Reached skill level 21 in Axes
  5555 | Elf:3    | Noticed a deep elf elementalist
  5555 | Elf:3    | Mulzaro: Soon tab melee is the only way to play Crawl
  5569 | Elf:3    | Killed a deep elf elementalist
  5605 | Elf:3    | Reached skill level 15 in Fighting
  5613 | Elf:3    | 4thArraOfDagon: yep
  5631 | Elf:3    | Noticed a Shadow Fiend
  5654 | Elf:3    | Got an encrusted large shield
  5719 | Elf:3    | Noticed a deep elf sorcerer
  5730 | Elf:3    | Killed a deep elf sorcerer
  5741 | Elf:3    | Noticed a deep elf elementalist
  5751 | Elf:3    | Noticed a deep elf sorcerer
  5762 | Elf:3    | Killed a deep elf sorcerer
  5763 | Elf:3    | Killed a deep elf elementalist
  5766 | Elf:3    | Reached XP level 15. HP: 126/126 MP: 15/15
  5858 | Elf:3    | Noticed a deep elf sorcerer
  5863 | Elf:3    | Killed a deep elf sorcerer
  5889 | Elf:3    | Noticed a deep elf sorcerer
  5894 | Elf:3    | Killed a deep elf sorcerer
  5894 | Elf:3    | Reached skill level 22 in Axes
  5951 | Elf:3    | Got a heavily runed helmet
  5957 | Elf:3    | Identified the +2 helmet of the Camelopard {+Fly rF+ Dex+5} (You found it on level 3 of the Elven Halls)
  5961 | Elf:3    | Identified the Collected Works on the Escort and the Blaze (You found it on level 3 of the Elven Halls)
  5972 | Elf:3    | Noticed a deep elf sorcerer
  5977 | Elf:3    | Killed a deep elf sorcerer
  6003 | Elf:3    | Identified the cursed -7 large shield "Yreptic" {rPois rN+} (You took it off a deep elf demonologist on level 3 of the Elven Halls)
  6021 | Elf:3    | Got a shimmering ring mail
  6036 | Elf:3    | Identified the cursed +1 ring mail of Pride {-Cast Int+3} (You found it on level 3 of the Elven Halls)
  6315 | Lair:1   | Entered Level 1 of the Lair of Beasts
  6388 | Lair:1   | Noticed Erica
  6394 | Lair:1   | Killed Erica
  6555 | Lair:3   | Reached skill level 1 in Evocations
  6860 | Lair:4   | Received a gift from Trog
  7420 | Lair:7   | Received a gift from Trog
  7428 | Lair:7   | Reached skill level 23 in Axes
  7429 | Lair:7   | Got an ichor-stained battleaxe {god gift}
  7472 | Lair:6   | Identified the +7 battleaxe of Destruction {speed, MR+ Str+4} (Trog gifted it to you on level 7 of the Lair of Beasts)
  7635 | Lair:7   | Reached XP level 16. HP: 135/135 MP: 18/18
  7683 | Lair:8   | Entered Level 8 of the Lair of Beasts
  7848 | Lair:8   | Received a gift from Trog
  8002 | Lair:8   | Reached skill level 15 in Armour
  8183 | Lair:8   | Identified a scroll of acquirement
  8476 | Lair:4   | Reached skill level 5 in Evocations
  8557 | Lair:4   | Reached ****** piety under Trog
  8671 | Lair:3   | Found a staircase to the Shoals.
  8687 | Shoals:1 | Entered Level 1 of the Shoals
  8880 | Shoals:2 | You fall through a shaft!
  8909 | Shoals:4 | Entered Level 4 of the Shoals
  8919 | Shoals:4 | Received a gift from Trog
  8932 | Shoals:4 | Noticed Ilsuiw
  9200 | Shoals:3 | Reached skill level 24 in Axes
  9524 | Shoals:4 | Reached XP level 17. HP: 92/144 MP: 21/21
  9645 | Shoals:3 | Received a gift from Trog
  9703 | Shoals:3 | Got a glittering granite ring
  9710 | Shoals:3 | Identified the ring "Doniq" {Wiz rF+ MR+} (You took it off a merfolk on level 3 of the Shoals)
  9897 | Shoals:4 | Got a barnacled rune of Zot
  9919 | Shoals:4 | Killed Ilsuiw
  9977 | Shoals:4 | Got a fine lead ring
  9979 | Shoals:4 | Identified the cursed ring "Avuv" {EV-2 Str+3} (You found it on level 4 of the Shoals)
 10865 | Lair:3   | ::(
 10964 | Lair:4   | Found a hole to the Spider Nest.
 10968 | Lair:4   | 1k for finding
 10985 | Spider:1 | Entered Level 1 of the Spider Nest
 11168 | Spider:2 | Reached skill level 25 in Axes
 11204 | Spider:2 | Reached XP level 18. HP: 100/153 MP: 22/25
 11205 | Spider:2 | Reached skill level 10 in Evocations
 11205 | Spider:2 | Reached XP level 19. HP: 103/159 MP: 22/27
 11357 | Spider:4 | Entered Level 4 of the Spider Nest
 11415 | Spider:4 | Noticed Nikola
 11471 | Spider:3 | Received a gift from Trog
 11855 | Spider:4 | Reached XP level 20. HP: 115/168 MP: 0/28
 12070 | Spider:4 | HP: 6/168 [Nikola/chain lightning (17)]
 12077 | Spider:4 | HP: 7/168 [jumping spider (4)]
 12091 | Spider:4 | Killed Nikola
 12404 | Spider:4 | Got a gossamer rune of Zot
 12700 | Lair:7   | Received a gift from Trog
 12702 | Lair:7   | Got a shimmering battleaxe {god gift}
 12703 | Lair:7   | Identified the +7 battleaxe of Trog's Displeasure {chop, rN++ MR- Str+4} (Trog gifted it to you on level 7 of the Lair of Beasts)
 12706 | Lair:7   | Found a viscous altar of Jiyva.
 12707 | Lair:7   | Found a staircase to the Slime Pits.
 12731 | Lair:7   | Identified Sif Muna's Tome of Transmigration (You found it on level 7 of the Lair of Beasts)
 12757 | Slime:1  | Entered Level 1 of the Pits of Slime
 12820 | Slime:2  | Reached skill level 26 in Axes
 12914 | Slime:4  | Gained mutation: You are clumsy. (Dex -2) [a shining eye]
 13069 | Slime:5  | Lost mutation: You are frail (-10% HP). [potion of cure mutation]
 13069 | Slime:5  | Lost mutation: You are surrounded by a mild repulsion field (EV +2). [potion of cure mutation]
 13069 | Slime:5  | Lost mutation: You are clumsy. (Dex -2) [potion of cure mutation]
 13069 | Slime:5  | Lost mutation: Scrolls take you a little longer to read. [potion of cure mutation]
 13071 | Slime:6  | Entered Level 6 of the Pits of Slime
 13192 | Slime:6  | Received a gift from Trog
 13227 | Slime:6  | Found a viscous altar of Jiyva.
 13233 | Slime:6  | Noticed the Royal Jelly
 13255 | Slime:6  | Killed the Royal Jelly
 13286 | Slime:6  | Reached XP level 21. HP: 130/198 MP: 30/30
 13340 | Slime:6  | Got a slimy rune of Zot
 13368 | Slime:6  | Got a polished cloak
 13378 | Slime:6  | Identified the +2 cloak "Xyorua Ifoypt" {MR++ Int+4} (You found it on level 6 of the Pits of Slime)
 13390 | Slime:6  | Got a slimy chain mail
 13411 | Slime:6  | Identified the +3 chain mail of the Meadowlark {rC- MR+++ Dex+2 Stlth+} (You found it on level 6 of the Pits of Slime)
 13425 | Slime:6  | Got a translucent ring mail
 13434 | Slime:6  | Kolbur: you have 2 phials
 13434 | Slime:6  | 4thArraOfDagon: ohh
 13434 | Slime:6  | 4thArraOfDagon: i didnt sleep much today, thats why haha
 13588 | Lair:6   | Fell from the grace of Trog
 13631 | Lair:4   | Reached skill level 5 in Dodging
 13637 | Lair:4   | Learned a level 1 spell: Apportation
 13641 | Lair:4   | Learned a level 3 spell: Regeneration
 13915 | D:4      | Identified the +8 ring mail of Impermeability {rElec rCorr Int+6} (You found it on level 6 of the Pits of Slime)
 14043 | D:5      | Found a sacrificial altar of Ru.
 14063 | D:5      | Noticed Pikel
 14065 | D:5      | Found a blossoming altar of Fedhas.
 14068 | D:5      | Killed Pikel
 14113 | D:6      | Noticed Dowan
 14114 | D:6      | Found a shattered altar of Ashenzari.
 14114 | D:6      | Noticed Duvessa
 14118 | D:6      | Killed Dowan
 14121 | D:6      | Killed Duvessa
 14181 | D:6      | Killed Prince Ribbit
 14488 | D:4      | Found a staircase to the Ecumenical Temple.
 14499 | Temple   | Entered the Ecumenical Temple
 14512 | Temple   | 4thArraOfDagon: who gives more hp mak or tso?
 14512 | Temple   | Yermak: I always thought TSO, but not sure
 14512 | Temple   | st0uf: ???
 14512 | Temple   | Yermak: TSO also grants mp
 14512 | Temple   | 4thArraOfDagon: yea
 14512 | Temple   | 4thArraOfDagon: i was wondering
 14512 | Temple   | 4thArraOfDagon: what if you have rn+++ already
 14512 | Temple   | 4thArraOfDagon: if tso still better?
 14512 | Temple   | Yermak: I like his second ability very much
 14512 | Temple   | Yermak: I would prefer TSO for late in any game
 14512 | Temple   | Yermak: except for stabber game
 14512 | Temple   | 4thArraOfDagon: mak could be more risky choice
 14512 | Temple   | 4thArraOfDagon: but faster since you would not have to regen between fights in depths/zot
 14512 | Temple   | Yermak: Why more risky?
 14512 | Temple   | 4thArraOfDagon: it gives you confidence
 14512 | Temple   | Yermak: and thus risky?
 14512 | Temple   | 4thArraOfDagon: that whatever you kill it will heal you
 14512 | Temple   | 4thArraOfDagon: yea not directly risky but
 14512 | Temple   | Yermak: did you mean TSO is more risky?
 14512 | Temple   | 4thArraOfDagon: it beckons faster play
 14512 | Temple   | 4thArraOfDagon: tso is slower those more safe imo
 14512 | Temple   | 4thArraOfDagon: hence*
 14512 | Temple   | Yermak: I'm confused
 14512 | Temple   | 4thArraOfDagon: look
 14512 | Temple   | Yermak: Slower - probably because sometiems you have to heal, and have no Regen spell
 14512 | Temple   | 4thArraOfDagon: tso gives hp from demons/undeads only
 14512 | Temple   | st0uf: pic a coin
 14512 | Temple   | 4thArraOfDagon: which means ok, so does mak
 14512 | Temple   | Yermak: but why hence safer?
 14512 | Temple   | st0uf: xom servant talking...
 14512 | Temple   | 4thArraOfDagon: more options - shield, deaves, 2nd ability
 14512 | Temple   | Yermak: ok
 14512 | Temple   | 4thArraOfDagon: lets take tso anyway i guess
 14512 | Temple   | st0uf: gold is good or god
 14516 | Temple   | 4thArraOfDagon: i have regen amu
 14516 | Temple   | Became a worshipper of the Shining One
 14707 | D:13     | Reached skill level 1 in Invocations
 14720 | D:13     | Reached skill level 1 in Translocations
 14825 | D:13     | Found a gate to the Vaults.
 14831 | D:13     | Reached * piety under the Shining One
 14859 | Vaults:1 | Entered Level 1 of the Vaults
 14935 | Vaults:1 | Reached skill level 1 in Spellcasting
 15045 | Vaults:1 | Reached ** piety under the Shining One
 15362 | Vaults:2 | Reached *** piety under the Shining One
 15450 | Vaults:3 | Found a staircase to the Crypt.
 15455 | Crypt:1  | Entered Level 1 of the Crypt
 15473 | Crypt:1  | You fall through a shaft!
 15537 | Crypt:2  | Reached **** piety under the Shining One
 15557 | Crypt:2  | Reached skill level 5 in Invocations
 15636 | Crypt:3  | Entered Level 3 of the Crypt
 15645 | Crypt:3  | Reached skill level 5 in Translocations
 15646 | Crypt:3  | Reached ***** piety under the Shining One
 15688 | Crypt:3  | Reached XP level 22. HP: 111/209 MP: 31/31
 15830 | Crypt:3  | Reached ****** piety under the Shining One
 15921 | Crypt:3  | Identified Borgnjor's Reference Book on Sinister Magic (You found it on level 3 of the Crypt)
 15939 | Crypt:3  | Learned a level 8 spell: Controlled Blink
 15988 | Crypt:3  | Identified a +8 executioner's axe of holy wrath (a +6 executioner's axe of chopping blessed by the Shining One)
 15988 | Crypt:3  | Received a gift from the Shining One
 15994 | Crypt:3  | Found a staircase to the Tomb.
 16011 | Tomb:1   | Entered Level 1 of the Tomb of the Ancients
 16018 | Tomb:1   | Noticed a greater mummy
 16036 | Tomb:1   | Killed a greater mummy
 16043 | Tomb:1   | Got an ancient bone ring
 16045 | Tomb:1   | Identified the ring "Leemusoty" {rPois rF+ AC+4 Str+3} (You found it on level 1 of the Tomb of the Ancients)
 16131 | Tomb:1   | Noticed a greater mummy
 16148 | Tomb:1   | Killed a greater mummy
 16216 | Tomb:1   | Noticed a greater mummy
 16224 | Tomb:1   | Killed a greater mummy
 16236 | Tomb:1   | Reached skill level 5 in Spellcasting
 16302 | Tomb:2   | Noticed a greater mummy
 16302 | Tomb:2   | Noticed an ancient lich
 16302 | Tomb:2   | Noticed a greater mummy
 16425 | Tomb:3   | Entered Level 3 of the Tomb of the Ancients
 16451 | Tomb:3   | Reached XP level 23. HP: 179/212 MP: 32/32
 16555 | Tomb:3   | Noticed an ancient lich
 16555 | Tomb:3   | Noticed a greater mummy
 16556 | Tomb:3   | Noticed Khufu
 16561 | Tomb:3   | Noticed a greater mummy
 16798 | Tomb:3   | Noticed a greater mummy
 16798 | Tomb:3   | Killed an ancient lich
 16800 | Tomb:3   | Noticed a greater mummy
 16917 | Tomb:2   | Killed a greater mummy
 16943 | Tomb:1   | Noticed a greater mummy
 17027 | Tomb:3   | Noticed a greater mummy
 17033 | Tomb:2   | Killed a greater mummy
 17081 | Tomb:3   | Noticed a greater mummy
 17089 | Tomb:3   | Killed a greater mummy
 17175 | Tomb:3   | Got a golden rune of Zot
 17176 | Tomb:3   | Reached skill level 10 in Invocations
 17210 | Tomb:3   | Got a transparent iron ring
 17211 | Tomb:3   | Identified the ring "Otratt" {*Contam rC+ rN+ MR+ Int+3} (You found it on level 3 of the Tomb of the Ancients)
 17213 | Tomb:3   | Got a ring of the Octopus King
 17214 | Tomb:3   | Identified a ring of the Octopus King {SustAt AC+1 EV+1 Str+1 Int+1 Dex+1} (You found it on level 3 of the Tomb of the Ancients)
 17217 | Tomb:3   | Identified the Catalogue of Warped Darkness (You found it on level 3 of the Tomb of the Ancients)
 17217 | Tomb:3   | Identified the Disquisition on Shape Shifting (You found it on level 3 of the Tomb of the Ancients)
 17223 | Tomb:3   | Learned a level 3 spell: Passwall
 17224 | Tomb:3   | Identified the Disquisition on Shifting Malediction (You found it on level 3 of the Tomb of the Ancients)
 17227 | Tomb:3   | Yermak: dump, pls
 17227 | Tomb:3   | 4thArraOfDagon: here ya go
 17266 | Tomb:3   | Noticed a greater mummy
 17377 | Tomb:3   | Killed a greater mummy
 17381 | Tomb:3   | Killed Khufu
 17554 | Tomb:3   | HP: 9/216 [mummy priest (22)]
 17895 | Crypt:1  | Noticed Mara
 17899 | Crypt:1  | Killed Mara
 17975 | Vaults:5 | Entered Level 5 of the Vaults
 17977 | Vaults:5 | 4thArraOfDagon: bbl
 18000 | Vaults:4 | Reached XP level 24. HP: 184/223 MP: 33/33
 18074 | Vaults:4 | Reached skill level 10 in Translocations
 18235 | Vaults:4 | Noticed Dirtsage's ghost (adept DsGl)
 18253 | Vaults:4 | Killed Dirtsage's ghost
 18640 | Vaults:4 | Gained mutation: You are robust (+10% HP). [a shining eye]
 19009 | Vaults:5 | Noticed Boris
 19029 | Vaults:5 | Killed Boris
 19191 | Vaults:5 | Got a silver rune of Zot
 19543 | Vaults:5 | Reached XP level 25. HP: 259/259 MP: 34/34
 19831 | D:15     | Entered Level 15 of the Dungeon
 19839 | D:15     | Noticed Sonja
 19910 | D:15     | Killed Sonja
 19970 | D:15     | Noticed Agnes
 19977 | D:15     | Killed Agnes
 20060 | D:15     | Found a staircase to the Depths.
 20069 | Depths:1 | Entered Level 1 of the Depths
 20135 | Depths:1 | Found a gateway to Hell.
 20152 | Hell     | Entered the Vestibule of Hell
 20152 | Hell     | Noticed Geryon
 20213 | Hell     | Killed Geryon
 20235 | Hell     | Found a gateway to the North Pole.
 20243 | Hell     | Reached skill level 10 in Dodging
 20251 | Nor:1    | Entered Level 1 of the North Pole
 20251 | Nor:1    | Found a gateway to Hell.
 20326 | Nor:2    | Found a gateway to Hell.
 20357 | Nor:3    | Found a gateway to Hell.
 20379 | Nor:3    | Yermak: north pole
 20417 | Nor:3    | Found a gateway to Hell.
 20444 | Nor:3    | You fall through a shaft for 3 floors!
 20444 | Nor:6    | Found a gateway to Hell.
 20482 | Nor:7    | Entered Level 7 of the North Pole
 20482 | Nor:7    | Found a gateway to Hell.
 20482 | Nor:7    | Found a gateway to Hell.
 20482 | Nor:7    | Found a gateway to Hell.
 20593 | Nor:7    | Noticed the Serpent of Hell
 20619 | Nor:7    | Killed the Serpent of Hell
 20852 | Nor:7    | HP: 3/259 [shard shrike (16)]
 20852 | Nor:7    | Slain by a shard shrike

Vault maps used:
D:1:      minmay_arrival_hallway
D:2:      kennysheep_the_goblin_king, uniq_sigmund, uniq_crazy_yiuf_cottage
D:3:      gammafunk_temple_overflow_statue, hangedman_decor_push
D:4:      minmay_temple_entry_fiery, serial_shops, nicolae_shop_behind_doors,
          fedhas_altar_fruit_tree
D:5:      nicolae_ru_awakened_eye, lemuel_round_altar, first_bread,
          hangedman_decor_growths, uniq_pikel
D:6:      ashenzari_altar_1, minmay_gold_behind_fungi, uniq_prince_ribbit1,
          uniq_duvessa
D:8:      cheibrodos_stairvault_heist, nicolae_overflow_crystal_walls,
          basic_altar
D:9:      david_orc_1_choice, basic_altar, minivault_16, uniq_grum, uniq_erolcha
D:10:     minmay_lair_entry_grove, serial_shops, shop,
          nrook_guardian_serpent_double
D:11:     nicolae_whirlpool, david_nohive_1, minmay_misc_feat_columns
D:12:     nemelex_diamond_rough_becter, uniq_maud
D:13:     lightli_vaults_fourway_checkpoint
D:14:     hangedman_opposites_gauntlet, minmay_staircase_bubble
D:15:     grunt_enter_depths_hoard, grunt_decor_cap, uniq_agnes, uniq_sonja
Temple:   water_room_temple_a_12
Lair:1:   serial_bayou_pond_e, beast_lair_carwin_4, uniq_nergalle, uniq_erica
Lair:2:   uniq_gastronok
Lair:3:   minmay_shoals_entry_centaurs
Lair:4:   spider_nest_entry_funnel_web, minmay_lindwurm_lava
Lair:6:   lemuel_fruit_tree
Lair:7:   slime_altar_1, st_stairs_3, grunt_forest_stairs_clearing,
          lemuel_fruit_fields, grunt_megastairs_3, serial_bayou_shore_b,
          infiniplex_staircase_pool
Lair:8:   hangedman_lair_tendril_chambers, guppyfry_lair_end_dragon,
          serial_bayou_ford_a, serial_bayou_shore_a, lemuel_fruit_fields
Shoals:1: uniq_louise
Shoals:3: nicolae_shoals_wave_tunnel
Shoals:4: shoals_end_simple, shoals_ilsuiw_ice, lemuel_centaur_altar
Spider:2: spiders_nest_scorpion_pit
Spider:3: guppyfry_spider_mini_3, nicolae_spider_cling_ruins
Spider:4: grunt_spider_rune_parallel, uniq_nikola
Slime:1:  cheibrodos_slime_lost_civilization_1
Slime:2:  cheibrodos_slime_lost_civilization_4, uniq_dissolution
Slime:4:  nicolae_slime_welcoming_committee
Orc:2:    grunt_orc_cross
Elf:1:    serial_shops, bzr_in_the_mist, orc_legates
Elf:2:    uniq_aizul, uniq_saint_roka
Elf:3:    minmay_elf_hall_x
Vaults:1: v_alt_pattern_2, v_misc_30, vaults_mumra_minichess,
          ontoclasm_vaults_bender, ontoclasm_vaults_ring_large,
          st_smaller_cells, ontoclasm_vaults_ring_small
Vaults:2: v_misc_27, dpeg_vaults_monster_box, v_misc_17, vaults_dpeg_hooks,
          vaults_room_door_hall, hangedman_vaults_maws, hangedman_vaults_nodes,
          v_alt_pattern_5, serial_shops, shop
Vaults:3: vaults_room_fancy_cross, nicolae_vaults_little_squares_2,
          hangedman_vaults_nails, minmay_crypt_entry_simple_sparse,
          ontoclasm_vaults_gateway, ontoclasm_vaults_spin, v_misc_5,
          vaults_dpeg_diagonal, grunt_vaults_focal,
          nicolae_vaults_little_squares_3
Vaults:4: vaults_dpeg_encased_lava, v_misc_18, v_misc_8,
          nicolae_vaults_hallways_thing, hangedman_vaults_stretched_pinwheel,
          nicolae_vaults_fighting_squares, nicolae_vaults_ninety_degrees,
          vaults_standard_mumra_lines, vaults_room_hallway, vaults_room_corners,
          vaults_room_door_hall, v_misc_27, nicolae_vaults_little_ls,
          ontoclasm_vaults_pinch, serial_shops, shop_statue
Vaults:5: uniq_boris
Crypt:1:  st_stairs_10, grunt_crypt_arrival_webbed, uniq_mara
Crypt:2:  corexii_leaking_fountain, st_stairs_6
Crypt:3:  grunt_crypt_end_deaths_head
Depths:1: enter_trove_0, pf_dread_powers_of_hell, lemuel_crystal_altar,
          minmay_tree_intersection, minmay_misc_feat_iff,
          minmay_misc_feat_plants, kennysheep_potato, uniq_norris
Nor:7:    coc_hangedman
Bazaar:   bazaar_minmay_trees

Action                   |  1- 3 |  4- 6 |  7- 9 | 10-12 | 13-15 | 16-18 | 19-21 | 22-24 | 25-27 || total
-------------------------+-------+-------+-------+-------+-------+-------+-------+-------+-------++-------
Melee: Hand axe          |    14 |   142 |   103 |       |       |       |       |       |       ||   259
       Battleaxe         |       |       |    40 |   337 |    36 |   679 |   998 |   583 |   149 ||  2822
       War axe           |       |       |       |   171 |   339 |       |       |       |       ||   510
       Broad axe         |       |       |       |       |   348 |     9 |       |       |       ||   357
       Executioner's axe |       |       |       |       |       |     7 |    12 |   384 |   245 ||   648
Throw: Throwing net      |       |       |       |       |       |       |     1 |       |       ||     1
 Cast: Apportation       |       |       |       |       |       |       |     1 |    23 |     7 ||    31
Invok: Berserk           |     1 |     6 |     9 |    22 |    13 |    13 |     4 |       |       ||    68
       Trog's Hand       |       |     5 |     9 |    18 |    27 |    21 |    19 |       |       ||    99
       Brothers in Arms  |       |       |       |     1 |     1 |     4 |     3 |       |       ||     9
       Burn Spellbooks   |       |       |       |       |     2 |       |     1 |       |       ||     3
       Renounce Religion |       |       |       |       |       |       |     1 |       |       ||     1
       Cleansing Flame   |       |       |       |       |       |       |       |     9 |     9 ||    18
       Summon Divine War |       |       |       |       |       |       |       |     3 |     4 ||     7
       Brand Weapon With |       |       |       |       |       |       |       |     1 |       ||     1
       Divine Shield     |       |       |       |       |       |       |       |    12 |     7 ||    19
 Abil: Evoke Teleportati |       |       |       |       |     1 |       |    79 |    41 |    23 ||   144
Evoke: Wand              |       |       |     3 |     3 |     7 |     2 |    11 |       |     6 ||    32
       Deck              |       |       |       |       |       |     4 |       |       |       ||     4
       Phial of floods   |       |       |       |       |       |     1 |     2 |       |       ||     3
       Box of beasts     |       |       |       |       |       |       |     5 |     1 |       ||     6
       Fan of gales      |       |       |       |       |       |       |     1 |       |       ||     1
       Phantom mirror    |       |       |       |       |       |       |     1 |       |       ||     1
       Lamp of fire      |       |       |       |       |       |       |       |       |     1 ||     1
  Use: Potion            |     2 |       |       |     2 |     1 |     7 |    12 |    14 |     2 ||    40
       Scroll            |       |       |     6 |     4 |    15 |    14 |    12 |    16 |     4 ||    71
 Stab: Distracted        |       |       |       |       |     2 |       |     3 |       |     2 ||     7
       Held in net/web   |       |       |       |       |       |       |     1 |     1 |       ||     2
  Eat: Chunk             |       |     5 |    14 |    35 |    18 |     5 |     3 |     7 |     2 ||    89
       Royal jelly       |       |     1 |       |       |       |       |       |     1 |       ||     2
       Fruit             |       |       |       |     1 |    11 |    18 |    17 |     9 |       ||    56
       Beef jerky        |       |       |       |       |     3 |     5 |     2 |     3 |     1 ||    14
       Bread ration      |       |       |       |       |     1 |       |     6 |     2 |     2 ||    11
       Pizza             |       |       |       |       |       |       |     2 |       |     1 ||     3
